 Dungeon Crawl Stone Soup version 0.18.1-50-g88ac8fd (webtiles) character file.

114 Kirkhe the Digger (level 4, 0/27 HPs)
             Began as an Octopode Earth Elementalist on Oct 15, 2016.
             Slain by a bat (1 damage)
             ... on level 3 of the Dungeon.
             The game lasted 00:03:43 (1781 turns).

Kirkhe the Digger (Octopode Earth Elementalist)     Turns: 1781, Time: 00:03:43

Health: 0/27       AC:  1    Str: 14    XL:     4   Next: 98%
Magic:  9/9        EV: 12    Int: 18    God:
Gold:   85         SH:  0    Dex: 12    Spells: 1 memorised, 9 levels left

rFire  . . .     SeeInvis .     a - 81 stones
rCold  . . .     Gourm    .     (no shield)
rNeg   . . .     Faith    .     (helmet restricted)
rPois  .         Spirit   .     (no amulet)
rElec  +         Dismiss  .     e - +2 ring of strength
rCorr  .         Reflect  .     (no ring)
SustAt .         Harm     .     (no ring)
MR     .....                    (no ring)
Stlth  ++........               (no ring)
                                (no ring)
                                (no ring)
                                (no ring)

@: confused, mighty, lethally poisoned (0 -> -7), very slightly contaminated,
hasted, very quick, not resistant to hostile enchantments, unstealthy
A: almost no armour, amphibious, 8 rings, constrict 8, camouflage 1, electricity
resistance, gelatinous body 1
a: no special abilities


You were on level 3 of the Dungeon.
You were not hungry.

You visited 1 branch of the dungeon, and saw 3 of its levels.

You collected 85 gold pieces.

Inventory:

Hand Weapons
 h - a +0 dagger
Missiles
 a - 81 stones (in tentacle)
 r - 10 poisoned needles
Jewellery
 e - a +2 ring of strength (left tentacle)
Scrolls
 g - a scroll of fear {unknown}
 j - 3 scrolls of identify {unknown}
 k - a scroll of amnesia {unknown}
 l - a scroll of fog {unknown}
 m - a scroll of magic mapping {unknown}
 n - a scroll of noise {unknown}
 o - 3 scrolls of random uselessness {unknown}
Potions
 i - 2 potions of haste
Books
 b - a book of Geomancy

   Spells                             Type                      Level
   a - Sandblast                      Earth                        1
   b - Passwall                       Transmutation/Earth          2
   c - Stone Arrow                    Conjuration/Earth            3
   d - Petrify                        Transmutation/Earth          4
   e - Lee's Rapid Deconstruction     Earth                        5
Comestibles
 c - 2 bread rations
 f - 5 fruits


   Skills:
 - Level 2.0 Dodging
 - Level 2.6 Stealth
 + Level 3.5 Spellcasting
   Level 1.0 Transmutations
 + Level 4.4 Earth Magic


You had 9 spell levels left.
You knew the following spells:

 Your Spells              Type           Power        Failure   Level  Hunger
a - Sandblast             Erth           ###...       2%          1    None


Dungeon Overview and Level Annotations

Branches:
Dungeon (3/15)

Altars:
Ashenzari


Innate Abilities, Weirdness & Mutations

You cannot wear most types of armour.
You are amphibious.
You can wear up to eight rings at the same time.
You can use your tentacles to constrict eight enemies at once.
Your skin changes colour to match your surroundings (Stealth).
Your rubbery body absorbs attacks (AC +1).
You are resistant to electric shocks.


Message History

You miss something. The bat barely misses you. Something hits you.
You are poisoned.
The orc barely misses you.
Unknown command.
You hit the orc!
You kill the orc!
You feel sick. The bat hits you. Something hits you.
Unknown command.
You clumsily bash the orc.
The orc is moderately wounded.
You feel sick. The bat hits you but does no damage.
Something completely misses you.
The orc hits you with a falchion of protection!
You hear some strange, mumbled words.
A puff of flame appears from out of thin air!
The puff of flame hits you!
* * * LOW HITPOINT WARNING * * *
* * * LOW HITPOINT WARNING * * *
You feel sick. The bat hits you.
You die...

.####.#.##.##########.###########
..........................)......
......#........######.#...)......
####..#.##.###.######.#..........
.................................
##########.###.######.#..........
.....<.....###.######.#..........
#...#...............#.###########
#.#.#......###.b@[..#.# #.#
#.####.# #......#.# #.# #.# #
#..o{....# ..#.#.#### ####.###.#
..#......# #....###....
..#<#.##.# #....###....
..#....#[# #.....#.....
..#....#.# #.....#.....
..#....#.# ###..._..#..


You could see an orc and a bat.

Vanquished Creatures
  An orc priest (D:3)
  2 adders (D:2)
  4 worms
  2 dart slugs (D:1)
  2 giant geckos
  An orc (D:3)
  A giant cockroach (D:1)
  7 goblins
  9 hobgoblins
  6 jackals
  4 kobolds
  A quokka (D:2)
  A bat (D:1)
  3 rats
44 creatures vanquished.

Notes
Turn   | Place    | Note
--------------------------------------------------------------
     0 | D:1      | Kirkhe the Octopode Earth Elementalist began the quest for the Orb.
     0 | D:1      | Reached XP level 1. HP: 11/11 MP: 3/3
   218 | D:1      | Reached XP level 2. HP: 14/17 MP: 1/5
   709 | D:1      | Reached XP level 3. HP: 12/21 MP: 0/6
   958 | D:2      | Reached skill level 4 in Earth Magic
  1201 | D:2      | Reached XP level 4. HP: 21/27 MP: 0/8
  1288 | D:2      | Found a faded altar to an unknown god.
  1708 | D:3      | Found a shattered altar of Ashenzari.
  1770 | D:3      | Gained mutation: You are resistant to electric shocks. [potion of beneficial mutation]
  1781 | D:3      | HP: 1/27 [poisoned by an orc wizard]
  1781 | D:3      | Slain by a bat

Skill      XL: |  1  2  3 |
---------------+----------+-----
Earth Magic    | 4 |  4.4
Spellcasting   | 3 |  3.5
Dodging        | |  2.0
Stealth        | |  2.6
Transmutations | |  1.0

Action                   |  1- 3 |  4- 6 || total
-------------------------+-------+-------++-------
Melee: Dagger            |    12 |       ||    12
       Tentacles         |     4 |       ||     4
       Constrict         |     2 |       ||     2
Throw: Stone             |     2 |       ||     2
 Cast: Sandblast         |    44 |    24 ||    68
  Use: Potion            |       |     3 ||     3
 Stab: Sleeping          |     1 |       ||     1
  Eat: Chunk             |     1 |     2 ||     3
Armor: Skin              |     2 |     3 ||     5
Dodge: Dodged            |    23 |    15 ||    38
